AoeStats
← cristobalfelipeg

Nomad

510865930Analyzed
2v2 RM · 10h ago on Oct 2, 2026· 53m 16s· 4 players
Game mode
Random Map
Map size
176×176
Population
200
Speed
Normal
Resources
Standard
Victory
Conquest
Starting age
Dark Age
Ending age
Imperial Age
RankedLock teamsTeams togetherTeam positionsShared explorationLock speedFull tech treeHidden civsTurbo modeCheats
Victory
Defeat
🇦🇷 Vietnamese · Argentina
1032
+14
🇦🇷 Persians · Argentina
1032
+14
🇺🇸 Shu · United States
993
-14
🇨🇱 Chinese · Chile
982
-14
AndySM2193
5:19 Loom
12:57 Feudal Age
13:37 Double-Bit Axe
13:34 Horse Collar
18:37 Wheelbarrow
22:08 Castle Age
23:41 Fletching
23:52 Padded Archer Armor
23:48 Gold Mining
23:49 Stone Mining
23:42 Crossbowman
26:40 Bodkin Arrow
31:50 Thumb Ring
32:29 Bow Saw
33:39 Ballistics
43:56 Hand Cart
43:27 Town Watch
45:29 Scale Mail Armor
45:40 Forging
49:06 Chain Mail Armor
48:31 Elite Skirmisher
50:21 Leather Archer Armor
cristobalfelipeg
4:16 Loom
17:58 Feudal Age
18:26 Double-Bit Axe
19:17 Wheelbarrow
18:28 Town Watch
18:26 Horse Collar
19:42 Man-at-Arms
22:08 Arson
23:05 Gold Mining
24:07 Fishing Lines
28:09 Castle Age
29:11 Bow Saw
29:05 Town Patrol
29:12 Crossbowman
30:25 Hand Cart
32:12 Husbandry
32:22 Bloodlines
34:13 Elite Skirmisher
37:32 Medium Warships
37:42 Padded Archer Armor
37:33 Fletching
39:00 Clinker Construction
38:58 Siphons
38:58 Stone Mining
39:26 Great Wall
40:39 Careening
41:27 Ballistics
42:26 Squires
45:59 Imperial Age
43:27 Bodkin Arrow
43:34 Scale Mail Armor
43:52 Heavy Plow
45:21 Fortified Wall
45:06 Murder Holes
47:09 Elite Fire Lancer
47:46 Capped Ram
50:34 Conscription
50:58 Gold Shaft Mining
49:53 Siege Ram
50:59 Thumb Ring
53:44 Masonry
54:35 Chemistry
mgabriels
7:48 Loom
14:27 Feudal Age
19:42 Castle Age
18:02 Double-Bit Axe
21:07 Bloodlines
20:59 Husbandry
23:39 Horse Collar
26:49 Scale Barding Armor
29:09 Forging
31:58 Chain Barding Armor
32:35 Bow Saw
33:53 Iron Casting
34:22 Fletching
36:50 Gold Mining
37:48 Town Watch
38:39 Wheelbarrow
41:19 Imperial Age
41:54 Cavalier
43:11 Plate Barding Armor
42:17 Capped Ram
44:03 Blast Furnace
43:25 Bodkin Arrow
45:53 Hand Cart
46:48 Citadels
46:19 Siege Ram
47:07 Savar
51:24 Padded Archer Armor
51:43 Heavy Plow
dieguinbo
4:33 Loom
15:44 Feudal Age
16:56 Double-Bit Axe
20:04 Castle Age
18:36 Horse Collar
20:00 Stone Mining
20:03 Gold Mining
21:45 Bow Saw
22:14 Stone Shaft Mining
28:20 Wheelbarrow
27:31 Town Watch
28:29 Fletching
28:40 Padded Archer Armor
33:05 Bodkin Arrow
33:26 Leather Archer Armor
36:06 Ballistics
39:31 Hand Cart
41:53 Imperial Age
42:00 Elite Rattan Archer
42:49 Bracer
43:20 Ring Archer Armor
43:54 Chemistry
42:35 Treadmill Crane
44:31 Heavy Plow
45:34 Two-Man Saw
45:19 Paper Money
Connection lost

Rejoining the realm…

Still unreachable

The connection could not be restored.

Session expired

The server has moved on; the page needs a fresh start.